 Dungeon Crawl Stone Soup version 0.24.0-10-g970556be89 (webtiles) character file.

Game seed: 15256368430673245011, levelgen mode: deterministic

56313 Johnny the Carver (level 14, -6/150 HPs)
             Began as a Troll Berserker on Nov 3, 2019.
             Was a High Priest of Trog.
             Mangled by an orc high priest
             ... wielding a +0 battleaxe
              (8 damage)
             ... on level 2 of the Orcish Mines.
             The game lasted 00:27:46 (13905 turns).

Johnny the Carver (Troll Berserker)                Turns: 13905, Time: 00:27:47

Health: -6/150     AC:  8    Str: 38    XL:     14   Next: 41%
Magic:  13/13      EV: 15    Int:  3    God:    Trog [*****.]
Gold:   1542       SH:  0    Dex:  9    Spells: 13/13 levels left

rFire    . . .     SeeInvis +   Q - +9 triple sword (vamp)
rCold    . . .     Gourm    +   (shield currently unavailable)
rNeg     . . .     Faith    .   A - +2 robe of Vines {NoPotionHeal Regen+7}
rPois    .         Spirit   .   (helmet restricted)
rElec    .         Reflect  .   (no cloak)
rCorr    .         Harm     .   (gloves unavailable)
MR       +....                  (boots unavailable)
Stlth    +.........             t - amulet of regeneration
HPRegen  3.95/turn              e - +6 ring of strength
MPRegen  0.13/turn              M - ring of see invisible

@: berserk cooldown, slowed, studying Armour, lightly drained, very slow
A: large, unfitting armour, claws 3, fast metabolism 3, gourmand, regeneration
1, shaggy fur 1, tough skin 3
a: Berserk, Trog's Hand, Brothers in Arms, Renounce Religion


You were on level 2 of the Orcish Mines.
You worshipped Trog.
Trog was extremely pleased with you.
You were full.

You visited 2 branches of the dungeon, and saw 17 of its levels.

You collected 1950 gold pieces.
You spent 408 gold pieces at shops.

Inventory:

Hand Weapons
 s - a +0 great sword of slicing
 x - a +2 rapier of speed
 B - a +2 antimagic long sword
 I - a +4 scimitar of flaming
 Q - a +9 vampiric triple sword (weapon)
 R - a +2 long sword of flaming
 S - a +1 antimagic great sword
Missiles
 G - 18 large rocks (quivered)
Armour
 A - the +2 robe of Vines (worn) {NoPotionHeal Regen+7}
   (You found it on level 5 of the Dungeon)

   It increases your rate of regeneration.
 J - a +2 troll leather armour {Snorg}
Jewellery
 e - a +6 ring of strength (left claw)
 o - a +3 ring of intelligence
 t - an amulet of regeneration (around neck)
 F - an uncursed ring of flight
 K - a +2 ring of intelligence
 L - a +3 ring of strength
 M - a ring of see invisible (right claw)
 N - an uncursed ring of protection from magic
Wands
 l - a wand of disintegration (2)
 q - a wand of polymorph (14)
 u - a wand of random effects (31)
 y - a wand of flame (10)
Scrolls
 a - 2 scrolls of blinking
 k - 4 scrolls of fog
 m - 4 scrolls of magic mapping
 p - 2 scrolls of enchant armour
 r - 3 scrolls of immolation
 C - a scroll of amnesia
 E - 4 scrolls of remove curse
 H - a scroll of fear
 O - a scroll of teleportation
Potions
 b - a potion of brilliance
 d - 6 potions of curing
 f - 2 potions of magic
 g - a potion of berserk rage
 h - 2 potions of resistance
 i - 5 potions of heal wounds
 n - 4 potions of haste
 v - 5 potions of agility
 w - 3 potions of flight
 z - 6 potions of degeneration
 D - 3 potions of might
Books
 T - a manual of Armour
Miscellaneous
 U - a box of beasts
 V - a phantom mirror
Comestibles
 c - 35 rations


   Skills:
 + Level 12.6(12.0) Fighting
 + Level 12.6(12.0) Long Blades
 + Level 0.9(0.4) Armour
 + Level 12.5(11.9) Dodging


You had 13 spell levels left.
You didn't know any spells.
Your spell library contained the following spells:

 Spells                   Type           Power        Failure   Level  Hunger
 Corona                   Hex            #......      52%         1    ##.....
 Infusion                 Chrm           #...         52%         1    ##.....
 Magic Dart               Conj           #...         52%         1    ##.....
 Ensorcelled Hibernation  Hex/Ice        #.....       67%         2    ###....
 Poisonous Vapours        Pois/Air       #.....       67%         2    ###....
 Searing Ray              Conj           #.....       67%         2    ###....
 Shroud of Golubria       Chrm/Tloc      #.....       67%         2    ###....
 Song of Slaying          Chrm           #.......     67%         2    ###....
 Confuse                  Hex            #.......     88%         3    ####...
 Dazzling Spray           Conj/Hex       #.....       88%         3    ####...
 Mephitic Cloud           Conj/Pois/Air  #.......     88%         3    ####...
 Regeneration             Chrm/Necr      #.........   88%         3    ####...
 Spectral Weapon          Hex/Chrm       #.......     88%         3    ####...
 Tukima's Dance           Hex            #.......     88%         3    ####...
 Force Lance              Conj/Tloc      #.......     99%         4    #####..
 Fulminant Prism          Conj/Hex       #.........   99%         4    #####..
 Iskenderun's Mystic Bla  Conj           #.......     99%         4    #####..


Dungeon Overview and Level Annotations

Branches:
Dungeon (15/15)            Temple (0/1) D:6            Lair (0/6) D:11
    Orc (2/2) D:11         Vaults (0/5) D:13         Depths (0/5) D:15
    Elf: Orc:2

Altars:
Makhleb
Ru
Uskayaw
Xom

Shops:
D:5 %   D:7 %!:   D:8 [   D:13 *   D:15 !


Innate Abilities, Weirdness & Mutations

You are too large for most types of armour.
You have claws for hands.
Your metabolism is lightning-fast.
You like to eat raw meat.
Your natural rate of healing is unusually fast.
You are covered in fur. (AC +1)
You have extremely tough skin. (AC +3)


Message History

You feel very sick. The troll closely misses you.
You riposte.
You open the troll like a pillowcase!!!
You feel better.
You kill the troll!
Trog accepts your kill. The sun demon hits you!!
You are engulfed in flames!
The orange demon stings you from afar!
* * * LOW HITPOINT WARNING * * *
You are more poisoned.
The orange demon poisons you! The sun demon hits you!!
* * * LOW HITPOINT WARNING * * *
You are engulfed in flames!
* * * LOW HITPOINT WARNING * * *
Unknown command.
Your system rejects the healing.
You feel better. The orange demon stings you from afar!
* * * LOW HITPOINT WARNING * * *
The sun demon misses you.
The orc high priest hits you with a +0 battleaxe!
You die...

## ##### #.# ##.#..
####.###
.....#####.#.....# .##
.....#.#........#...
#....#...........#
#@3.....###.....#
#o)....#.###...## .
###)4...####.#...#
....###..3....###....#
..o........#......<..#
....o.....##.........#
....P..$..<##.....####
....o...#####......#
...P..... ##....##


You could see a soul eater, an orc high priest, a sun demon and an orange demon.

Vanquished Creatures
  An orc warlord (Orc:1)
  Snorg (D:11)
  5 slime creatures
  3 vault guards (D:13)
  2 ice dragons
  A hydra (D:14)
  4 centaur warriors
  4 two-headed ogres
  A vampire mage (D:15)
  2 skeletal warriors (D:15)
  3 orc knights
  A wizard (D:14)
  A necromancer (D:15)
  A wolf spider zombie (D:15)
  3 orc sorcerers
  A wolf spider (D:15)
  4 cyclopes
  A sphinx skeleton (D:15)
  2 deep elf magi
  3 manticores
  12 ugly things
  A centaur zombie (D:14)
  A black mamba (shapeshifter) (D:10)
  3 gargoyles
  A kobold demonologist (D:12)
  An efreet (D:11)
  9 trolls
  A hornet (D:12)
  2 hippogriffs
  Grinder (D:5)
  An ettin skeleton (D:15)
  An ice dragon zombie (D:15)
  A deep troll skeleton (D:15)
  2 shadows (D:13)
  A vampire (D:14)
  5 wraiths
  4 wyverns
  10 yaks
  A basilisk (D:12)
  5 hungry ghosts
  6 vampire mosquitoes
  A swamp worm (D:15)
  6 wargs
  A water moccasin (D:6)
  The ghost of CovertPenguin the Skirmisher, an amateur VSFi (D:3)
  An acid dragon (D:13)
  25 orc warriors
  4 ice beasts
  6 sky beasts
  An eye of draining (D:12)
  3 necrophages
  23 ogres
  A boggart (D:5)
  17 centaurs
  12 big kobolds
  16 bullfrogs
  2 wyvern zombies
  5 scorpions
  A wyvern skeleton (D:7)
  4 wights (D:12)
  20 killer bees
  6 howler monkeys
  3 bullfrog zombies
  7 crimson imps
  8 hounds
  5 jellies
  16 orc priests
  7 bullfrog skeletons
  6 centaur skeletons
  25 orc wizards
  Terence (D:3)
  7 iguanas
  Ijyb (D:3)
  14 worker ants
  2 hound zombies
  2 hound skeletons
  A worker ant zombie (D:5)
  Robin (D:3)
  A howler monkey skeleton (D:6)
  12 gnolls
  12 adders
  5 shadow imps
  4 adder skeletons
  An adder zombie (D:5)
  A worm (D:2)
  A dart slug (D:4)
  7 leopard geckos
  55 orcs
  A ball python (D:2)
  3 giant cockroaches
  14 goblins
  8 hobgoblins
  3 jackals (D:1)
  29 kobolds
  2 quokkas
  7 bats
  5 frilled lizards
  A giant cockroach zombie (D:5)
  3 leopard gecko skeletons
  2 quokka skeletons
  9 rats
561 creatures vanquished.

Vanquished Creatures (collateral kills)
  An orc warlord (Orc:1)
  Josephine (D:11)
  A vault guard (D:13)
  A death knight (D:11)
  A two-headed ogre (D:11)
  An orc knight (Orc:1)
  An orc sorcerer (Orc:1)
  A deep elf mage (D:13)
  3 trolls (Orc:1)
  A warg (Orc:1)
  9 orc warriors
  2 ogres (Orc:1)
  A big kobold (D:11)
  2 orc priests (D:13)
  A shadow imp (D:13)
  10 orcs
  2 kobolds (D:11)
39 creatures vanquished.

Vanquished Creatures (others)
  An ugly thing (D:14)
  2 plants (D:14)
  5 toadstools (D:2)
  3 withered plants (D:15)
11 creatures vanquished.

Grand Total: 611 creatures vanquished

Notes
Turn   | Place    | Note
-------+----------+-------------------------------------------
     0 | D:1      | Johnny the Troll Berserker began the quest for the Orb.
     0 | D:1      | Reached XP level 1. HP: 22/22 MP: 0/0
   122 | D:1      | Reached XP level 2. HP: 29/29 MP: 1/1
   383 | D:1      | Reached ** piety under Trog
   461 | D:1      | Reached XP level 3. HP: 36/36 MP: 2/2
   699 | D:2      | Reached XP level 4. HP: 45/45 MP: 3/3
   701 | D:2      | Found a hide-covered altar of Uskayaw.
  1097 | D:2      | Found a burning altar of Makhleb.
  1381 | D:3      | Found a large runed translucent door.
  1381 | D:3      | Found a large runed translucent door.
  1383 | D:3      | Noticed CovertPenguin's ghost (amateur VSFi)
  1392 | D:3      | Killed CovertPenguin's ghost
  1392 | D:3      | Reached XP level 5. HP: 53/53 MP: 4/4
  1660 | D:3      | Noticed Robin
  1687 | D:3      | Killed Robin
  1783 | D:3      | Noticed Ijyb
  1791 | D:3      | Killed Ijyb
  1855 | D:3      | Found a faded altar of an unknown god.
  1936 | D:3      | Noticed Terence
  1946 | D:3      | Killed Terence
  1946 | D:3      | Reached XP level 6. HP: 62/62 MP: 5/5
  2119 | D:4      | Reached *** piety under Trog
  2484 | D:4      | HP: 4/93 [ogre/+0 giant spiked club (15)]
  2485 | D:4      | Reached XP level 7. HP: 4/71 MP: 6/6
  2717 | D:5      | Entered Level 5 of the Dungeon
  2922 | D:5      | Reached skill level 5 in Fighting
  2922 | D:5      | Reached skill level 5 in Long Blades
  2927 | D:5      | Reached skill level 5 in Dodging
  3008 | D:5      | Noticed Grinder
  3013 | D:5      | Reached XP level 8. HP: 80/80 MP: 7/7
  3037 | D:5      | Killed Grinder
  3301 | D:5      | Found Jygut's Food Shoppe.
  3384 | D:5      | Found the +2 robe of Vines {NoPotionHeal Regen+7}
  3740 | D:6      | Found a staircase to the Ecumenical Temple.
  3828 | D:6      | Reached **** piety under Trog
  4011 | D:6      | Reached XP level 9. HP: 41/89 MP: 8/8
  4115 | D:6      | Found a hide-covered altar of Uskayaw.
  5119 | D:7      | Found Fomain's Distillery.
  5124 | D:7      | Bought a potion of brilliance for 48 gold pieces
  5124 | D:7      | Bought a potion of berserk rage for 60 gold pieces
  5306 | D:7      | Found Mireirex's Book Shop.
  5470 | D:7      | Found a shimmering altar of Xom.
  5504 | D:7      | Reached ***** piety under Trog
  5673 | D:7      | Found Oturugio's Food Shoppe.
  5742 | D:8      | Reached XP level 10. HP: 102/102 MP: 3/9
  5818 | D:8      | Received a gift from Trog
  5975 | D:8      | Noticed a two-headed ogre
  6009 | D:8      | Killed a two-headed ogre
  6262 | D:8      | Found Qyutwo's Antique Armour Boutique.
  6611 | D:9      | Found a sacrificial altar of Ru.
  6618 | D:9      | Noticed a two-headed ogre
  6628 | D:9      | Killed a two-headed ogre
  6914 | D:9      | Reached XP level 11. HP: 113/113 MP: 3/10
  7062 | D:10     | Entered Level 10 of the Dungeon
  7284 | D:10     | Noticed a deep elf mage
  7295 | D:10     | Killed a deep elf mage
  7649 | D:10     | Received a gift from Trog
  8217 | D:11     | Found a staircase to the Orcish Mines.
  8375 | D:11     | Noticed a death knight
  8381 | D:11     | Killed a death knight
  8448 | D:11     | Found a staircase to the Lair.
  8562 | D:11     | Noticed Snorg
  8573 | D:11     | Killed Snorg
  8577 | D:11     | Noticed a two-headed ogre
  8580 | D:11     | Killed a two-headed ogre
  8648 | D:11     | Reached skill level 10 in Fighting
  8648 | D:11     | Reached XP level 12. HP: 125/126 MP: 11/11
  8699 | D:11     | Noticed Josephine
  8705 | D:11     | Killed Josephine
  8705 | D:11     | Reached skill level 10 in Long Blades
  8705 | D:11     | Reached skill level 10 in Dodging
  9064 | D:11     | Identified the Reference Book on Boosting Envenoming
  9436 | D:12     | Paralysed by a hornet for 2 turns
  9642 | D:12     | Received a gift from Trog
  9671 | D:12     | Noticed a two-headed ogre
  9688 | D:12     | Killed a two-headed ogre
 10163 | D:13     | Noticed a centaur warrior
 10170 | D:13     | Killed a centaur warrior
 10181 | D:13     | Noticed a two-headed ogre
 10189 | D:13     | Killed a two-headed ogre
 10412 | D:13     | Found Cuephas's General Store.
 10532 | D:13     | Bought a scroll of identify for 24 gold pieces
 10532 | D:13     | Bought a potion of might for 48 gold pieces
 10597 | D:13     | Found a gate to the Vaults.
 10597 | D:13     | Noticed a vault guard
 10597 | D:13     | Noticed a centaur warrior
 10597 | D:13     | Noticed a vault guard
 10597 | D:13     | Noticed a vault guard
 10597 | D:13     | Noticed a vault guard
 10602 | D:13     | Killed a centaur warrior
 10610 | D:13     | Killed a vault guard
 10610 | D:13     | Reached XP level 13. HP: 130/137 MP: 12/12
 11132 | D:15     | Entered Level 15 of the Dungeon
 11515 | D:15     | Found a staircase to the Depths.
 11665 | D:15     | Received a gift from Trog
 11866 | D:15     | Found Ewnof's Distillery.
 11893 | D:15     | Bought a potion of invisibility for 96 gold pieces
 11893 | D:15     | Bought a potion of might for 48 gold pieces
 11893 | D:15     | Bought a potion of lignification for 36 gold pieces
 11893 | D:15     | Bought a potion of agility for 48 gold pieces
 12239 | D:14     | Reached XP level 14. HP: 130/149 MP: 13/13
 12950 | Orc:1    | Entered Level 1 of the Orcish Mines
 12988 | Orc:1    | Found a shimmering altar of Xom.
 13156 | Orc:1    | Received a gift from Trog
 13163 | Orc:1    | Noticed an orc warlord
 13169 | Orc:1    | Noticed an orc warlord
 13216 | Orc:1    | Killed an orc warlord
 13235 | Orc:1    | Killed an orc warlord
 13461 | Orc:1    | Received a gift from Trog
 13861 | Orc:2    | Entered Level 2 of the Orcish Mines
 13904 | Orc:2    | HP: 4/150 [sun demon[an orc high priest] (13)]
 13905 | Orc:2    | Mangled by an orc high priest

Levels and vault maps discovered:
D:1:      onia_arrival_pentagram, layout_loops_ring, minmay_misc_feat_diagonals
D:2:      layout_basic, eat_drink_and_be_merry_uskayaw, first_ration,
          minmay_gold_behind_fungi, bloody_makhleb
D:3:      layout_loops_ring, ebering_ghost_disaster_area,
          chequers_ecumenical_altar_grove, hangedman_decor_push,
          serial_park_tiny_2, minmay_misc_feat_more_columns, uniq_robin,
          uniq_terence, uniq_ijyb
D:4:      layout_basic, minmay_misc_feat_roman, minmay_misc_feat_hallway
D:5:      layout_basic, serial_shops, nicolae_shop_behind_doors,
          chequers_serial_rivers_micro_d, uniq_grinder
D:6:      layout_loops_corners, minmay_temple_entry_statues_pillars, basic_altar
D:7:      layout_basic, basic_altar, serial_shops, shop, shop, shop
D:8:      layout_cave_pools, serial_shops, nicolae_shop_statue_plus,
          blue_anna_alchemist [blue_anna_fruit_fields, blue_anna_fruit_fields]
D:9:      layout_roguey, nicolae_ru_path_of_blood
D:10:     minmay_tri_box, layout_basic, minmay_misc_feat_rugged,
          small_statue_alley_a
D:11:     layout_roguey, erik_lair_orcish_takeover,
          kennysheep_orc_monster_closet_entryway, minmay_misc_feat_five,
          uniq_josephine, uniq_snorg
D:12:     layout_irregular_city
D:13:     layout_rooms, lightli_vaults_fourway_checkpoint, serial_shops,
          nicolae_shop_waterfront, kennysheep_generic_room_11
D:14:     layout_irregular_city, kennysheep_boxes
D:15:     gammafunk_depths_entry_grave, layout_loops_cross,
          minmay_misc_feat_alley, serial_shops, nicolae_shop_stone
Orc:1:    layout_caves, basic_altar, minmay_orc_treasury
Orc:2:    grunt_orc_gardens, layout_diamond_mine, grunt_orc_garden,
          grunt_orc_garden, grunt_orc_garden, grunt_orc_garden

Skill      XL: |  1  2  3  4  5  6  7  8  9 10 11 12 13 |
---------------+----------------------------------------+-----
Fighting       | 3 4 5 6 7 8 10 11 12 | 12.6
Long Blades    | 3 4 5 6 7 8 9 11 12 | 12.6
Dodging        | 3 4 5 6 7 8 9 11 12 | 12.5
Armour         | |  0.9

Action                   |  1- 3 |  4- 6 |  7- 9 | 10-12 | 13-15 || total
-------------------------+-------+-------+-------+-------+-------++-------
Melee: Falchion          |   101 |   182 |   313 |   138 |       ||   734
       Long sword        |       |       |   129 |   233 |   233 ||   595
       Scimitar          |       |       |       |   369 |   245 ||   614
       Triple sword      |       |       |       |       |    14 ||    14
Invok: Berserk           |     1 |     5 |    10 |    19 |    15 ||    50
       Trog's Hand       |       |       |     3 |     1 |       ||     4
       Brothers in Arms  |       |       |       |     7 |     4 ||    11
Evoke: Wand              |       |       |    21 |     6 |    17 ||    44
  Use: Potion            |       |       |     3 |       |     3 ||     6
       Scroll            |       |       |     9 |     8 |    11 ||    28
 Stab: Sleeping          |     2 |       |       |     1 |       ||     3
       Paralysed         |       |       |     4 |     3 |       ||     7
       Invisible         |       |       |       |       |     7 ||     7
  Eat: Chunk             |     6 |    28 |    42 |    80 |    59 ||   215
Armor: Animal skin       |    43 |    63 |    99 |       |       ||   205
       Robe              |       |       |    48 |   213 |    71 ||   332
       Skin              |       |       |       |       |     1 ||     1
Dodge: Dodged            |    52 |   102 |   295 |   528 |   280 ||  1257
       Rpst.: Falchion   |    18 |    27 |    59 |    28 |       ||   132
       Long sword        |       |       |    21 |    64 |    43 ||   128
       Scimitar          |       |       |       |    58 |    38 ||    96
       Triple sword      |       |       |       |       |     5 ||     5
